 Dungeon Crawl Stone Soup version 0.27-a0-512-g57cc695410 (webtiles) character file.

Game seed: 13286579439076915413

84 dickylongcocking the Ruffian (level 4, -4/34 (35) HPs)
             Began as a Draconian Transmuter on Mar 3, 2021.
             Slain by Crazy Yiuf
             ... wielding a +4 quarterstaff of chaos
              (7 damage)
             ... on level 2 of the Dungeon.
             The game lasted 00:01:57 (2433 turns).

dickylongcocking the Ruffian (Draconian Transmuter) Turns: 2433, Time: 00:01:57

HP:   -4/34 (35)    AC:  5    Str: 13    XL:     4   Next: 23%
MP:   3/7           EV: 12    Int: 14    God:
Gold: 123           SH:  0    Dex: 11    Spells: 3/7 levels left

rFire    . . .     SeeInvis .     - Unarmed
rCold    . . .     Faith    .   (no shield)
rNeg     . . .     Spirit   .   (armour unavailable)
rPois    .         Reflect  .   (helmet restricted)
rElec    .         Harm     .   (no cloak)
rCorr    .         Rampage  .   (no gloves)
Will     .....                  (no boots)
Stlth    +.........             (no amulet)
HPRegen  0.11/turn              (no ring)
MPRegen  0.10/turn              (no ring)

@: very slightly contaminated, lightly drained
A: unfitting armour, cold-blooded, AC +5
a: no special abilities


You were on level 2 of the Dungeon.
You visited 1 branch of the dungeon, and saw 2 of its levels.

You collected 123 gold pieces.

Inventory:

Magical Staves
 d - a staff of fire
Scrolls
 a - a scroll of enchant weapon {unknown}
 c - a scroll of teleportation {unknown}
 f - 3 scrolls of identify {unknown}
Potions
 b - a potion of brilliance
 e - a potion of magic {unknown}
 g - a potion of heal wounds {unknown}


   Skills:
 - Level 1.1 Fighting
 - Level 1.7 Dodging
 * Level 5.1 Unarmed Combat
 - Level 2.0 Spellcasting
 - Level 2.0 Transmutations


You had 3 spell levels left.
You knew the following spells:

 Your Spells              Type           Power        Failure   Level
a - Beastly Appendage     Tmut           14%          11%         1
c - Spider Form           Tmut/Pois      2%           43%         3

Your spell library contained the following spells:

 Spells                   Type           Power        Failure   Level
 Wereblood                Tmut           7%           16%         2
 Ice Form                 Ice/Tmut       4%           83%         4
 Blade Hands              Tmut           3%           96%         5


Dungeon Overview and Level Annotations

Branches:
Dungeon (2/15)

Altars:
Hepliaklqana
Sif Muna
Zin

Annotations:
D:2 Crazy Yiuf


Innate Abilities, Weirdness & Mutations

Your plain brown scales are hard. (AC +5)
You cannot fit into any form of body armour.
You are cold-blooded and may be slowed by cold attacks.


Message History

Crazy Yiuf says, "Sif Muna!
Goober Hive water."
Casting: Spider Form (quite dangerous; 43% risk of failure)
Confirm with . or Enter, or press ? or * to list all spells.
The spell is quite dangerous to cast (43% risk of failure)!
Continue anyway?
You turn into a venomous arachnid creature.
Crazy Yiuf whimpers, "Race wrapper snail!"
Unknown command.
You open the door. You hit Crazy Yiuf.
Crazy Yiuf is lightly wounded.
Crazy Yiuf barely misses you.
You hit Crazy Yiuf.
Crazy Yiuf is moderately wounded.
Crazy Yiuf misses you.
You barely miss Crazy Yiuf.
Crazy Yiuf is moderately wounded.
Crazy Yiuf hits you with a +4 quarterstaff of chaos!
You feel drained.
You barely miss Crazy Yiuf.
Crazy Yiuf is moderately wounded.
You hit Crazy Yiuf.
Crazy Yiuf is poisoned.
Crazy Yiuf is moderately wounded.
Crazy Yiuf says, "Powder!
Tosser canine sallow."
Crazy Yiuf hits you with a +4 quarterstaff of chaos!
You are electrocuted!
* * * LOW HITPOINT WARNING * * *
Unknown command.
Your transformation has ended.
Crazy Yiuf cries, "You leg down broken song, no?"
Crazy Yiuf whimpers, "Pitchfork light down!"
Crazy Yiuf looks more healthy.
Crazy Yiuf waves his quarterstaff at you.
Casting: Spider Form (quite dangerous; 43% risk of failure)
Confirm with . or Enter, or press ? or * to list all spells.
The spell is quite dangerous to cast (43% risk of failure)!
Continue anyway?
You miscast Spider Form.
You are very lightly contaminated with residual magic.
Nothing appears to happen.
Crazy Yiuf hits you with a +4 quarterstaff of chaos!
You die...

#####
##...#####
#........#
##..####.#
#....# #.#
♣....♣ #.#
♣♣...♣ #.#
♣♣.♣♣ #g#
♣♣.♣ #@#
♣.♣♣ #.#
♣♣.♣ #.#
♣.♣♣ #.# #'#
#.# ... #.#
#...#
#.##########
#)..#
#...(......#
### #####
#####......#


You could see Crazy Yiuf.

Vanquished Creatures
  A gnoll (D:1)
  2 adders (D:2)
  An ooze (D:2)
  A worm (D:2)
  3 dart slugs
  3 leopard geckos
  A ball python (D:2)
  3 bats (D:2)
  A giant cockroach (D:2)
  3 goblins
  A hobgoblin (D:1)
  5 frilled lizards
  12 kobolds
  7 rats
44 creatures vanquished.

Notes
Turn   | Place    | Note
-------+----------+-------------------------------------------
     0 | D:1      | dickylongcocking the Draconian Transmuter began the quest
                  | for the Orb.
     0 | D:1      | Reached XP level 1. HP: 16/16 MP: 3/3
   402 | D:1      | Reached XP level 2. HP: 10/23 MP: 5/5
   984 | D:1      | Reached skill level 4 in Unarmed Combat
  1048 | D:1      | Reached XP level 3. HP: 27/28 MP: 4/6
  1052 | D:1      | Learned a level 3 spell: Spider Form
  1331 | D:2      | Found a glowing silver altar of Zin.
  1863 | D:2      | Found a shimmering blue altar of Sif Muna.
  1958 | D:2      | Found a hazy altar of Hepliaklqana.
  1969 | D:2      | Reached skill level 5 in Unarmed Combat
  1969 | D:2      | Reached XP level 4. HP: 17/35 MP: 4/7
  2281 | D:2      | Found a runed translucent door.
  2282 | D:2      | Noticed Crazy Yiuf
  2414 | D:2      | HP: 1/34 [Crazy Yiuf/+4 quarterstaff of chaos (16)]
  2433 | D:2      | Slain by Crazy Yiuf

Illustrated notes

Levels and vault maps discovered:
D:1:      dpeg_arrival_simpleton_b, layout_loops_corners,
          minmay_misc_feat_pillars, minmay_misc_feat_nine_boxes
D:2:      layout_rooms, nzn_hepliaklqana_mist_gate, marbit_many_paths,
          minmay_hexomino_r4, uniq_crazy_yiuf_cottage

Skill      XL: |  1  2  3 |
---------------+----------+-----
Unarmed Combat | 4 5 |  5.1
Fighting       | |  1.1
Dodging        | |  1.7
Spellcasting   | |  2.0
Transmutations | |  2.0

Action                   |  1- 3 |  4- 6 || total
-------------------------+-------+-------++-------
Melee: Unarmed           |   122 |    19 ||   141
       Tailslap          |     6 |       ||     6
       Kick              |     3 |       ||     3
       Headbutt          |     1 |       ||     1
 Cast: Beastly Appendage |     3 |       ||     3
       Spider Form       |     4 |     2 ||     6
  Use: Potion            |     2 |       ||     2
 Stab: Sleeping          |     1 |       ||     1
Armor: Skin              |    41 |     2 ||    43
Dodge: Dodged            |   102 |     7 ||   109

Table legend: (Time is in decaauts)
 A = Elapsed time spent in this place.
 B = Non-inter-level travel time spent in this place.
 C = Inter-level travel time spent in this place.
 D = Time resting spent in this place.
 E = Time spent auto-exploring this place.
 F = Levels seen in this place.
 G = Mean time per level.
                   A        B        C        D        E       F      G
               +--------+--------+--------+--------+--------+-----+--------+
         Total |   2401 |   2360 |     41 |    133 |   1891 |   2 | 1200.5 |
       Dungeon |   2401 |   2360 |     41 |    133 |   1891 |   2 | 1200.5 |
               +--------+--------+--------+--------+--------+-----+--------+

Top non-repeatable levels by time:
     D:2: 1225 daAuts
     D:1: 1176 daAuts
